 Dungeon Crawl Stone Soup version 0.25-a0-578-gc91f01c39c (webtiles) character file.

Game seed: 10190881068354028055, levelgen mode: deterministic

93 MisterFreud the Magician (level 4, -1/31 HPs)
             Began as an Octopode Wanderer on Mar 3, 2020.
             Killed from afar by an orc wizard (8 damage)
             ... with a puff of frost
             ... on level 3 of the Dungeon.
             The game lasted 00:03:27 (2929 turns).

MisterFreud the Magician (Octopode Wanderer)        Turns: 2929, Time: 00:03:28

Health: -1/31      AC:  1    Str: 14    XL:     4   Next: 62%
Magic:  8/8        EV:  9    Int: 12    God:
Gold:   84         SH:  7    Dex: 11    Spells: 9/9 levels left

rFire    . . .     SeeInvis .     - Unarmed
rCold    . . .     Gourm    .   m - +0 kite shield
rNeg     . . .     Faith    .   (helmet restricted)
rPois    .         Spirit   .   (no amulet)
rElec    .         Reflect  .   (no ring)
rCorr    .         Harm     .   (no ring)
MR       .....                  (no ring)
Stlth    +++.......             (no ring)
HPRegen  0.10/turn              (no ring)
MPRegen  0.11/turn              (no ring)
                                (no ring)
                                (no ring)

@: lethally poisoned (-1 -> -4)
A: almost no armour, stealthy swim, amphibious, 8 rings, constrict 8, camouflage
1, gelatinous body 1
a: no special abilities


You were on level 3 of the Dungeon.
You were not hungry.

You visited 1 branch of the dungeon, and saw 3 of its levels.

You collected 84 gold pieces.

Inventory:

Hand Weapons
 a - a +2 hand crossbow
Missiles
 b - 27 bolts
 g - 154 stones (quivered)
 k - 30 arrows
 n - 29 sling bullets
 t - 5 boomerangs
Armour
 m - a +0 kite shield (worn)
Scrolls
 c - a scroll of fear {unknown}
 d - 2 scrolls of remove curse
 e - a scroll of immolation {unknown}
 h - a scroll of amnesia {unknown}
 i - 2 scrolls of magic mapping
 j - a scroll of enchant armour {unknown}
 l - 2 scrolls of teleportation {unknown}
 o - 4 scrolls of identify {unknown}
 p - a scroll of random uselessness {unknown}
Potions
 q - a potion of stabbing {unknown}
 s - a potion of berserk rage {unknown}
Comestibles
 f - 8 rations
 r - 3 chunks of flesh


   Skills:
 - Level 3.0 Fighting
 - Level 2.0 Crossbows
 - Level 1.3 Stealth
 - Level 1.0 Shields
 + Level 2.8 Unarmed Combat
 - Level 3.0 Spellcasting
   Level 1.0 Summonings
   Level 1.0 Fire Magic


You had 9 spell levels left.
You didn't know any spells.
Your spell library contained the following spells:

 Spells                   Type           Power        Failure   Level  Hunger
 Foxfire                  Conj/Fire      #...         77%         1    #......
 Sandblast                Erth           #.....       83%         1    #......
 Inner Flame              Hex/Fire       #.......     98%         3    ###....
 Stone Arrow              Conj/Erth      #.....       99%         3    ###....


Dungeon Overview and Level Annotations

Branches:
Dungeon (3/15)

Altars:
Hepliaklqana
Ru
Uskayaw
Xom


Innate Abilities, Weirdness & Mutations

You cannot wear most types of armour.
You are very stealthy in the water. (Stealth+)
You are amphibious.
You can wear up to eight rings at the same time.
You can use your tentacles to constrict eight enemies at once.
Your skin changes colour to match your surroundings (Stealth+).
Your rubbery body absorbs attacks. (AC +1, EV +1)


Message History

The orc wizard hits you with a +0 dagger.
The adder bites you.
You are poisoned.
The adder poisons you!
You miss the adder. You grab the adder.
The adder is moderately wounded.
You constrict the adder.
You feel sick. The adder bites you.
* * * LOW HITPOINT WARNING * * *
The orc wizard mumbles some strange words.
The orc wizard flickers and vanishes!
Deactivating autopickup; reactivate with Ctrl-A.
The adder misses you.
You tentacle-slap the adder.
The adder is almost dead.
You constrict the adder.
You kill the adder!
You hear some strange, mumbled words.
A puff of frost appears from out of thin air!
The puff of frost hits you!
You die...

.#####.###### +.# #.(..........#
#.. #######..###### #.#
############.####.## ##.#
...................## ##..#
...#########..###.#.#########.###
...# ##^###..<.+......'.##. ...#
#..####.##......####. .รท.#
#.o{@....'......# #. ...#
#..####.##.....)# #. #### #)..
#.######### #. ### #.#.# #.# #.
..# #. oo #.# #. #.# #. #.##.. #.
#. oo#.. ## #. #.#.. #...


You could see an orc.

Vanquished Creatures
  2 adders
  An ooze (D:1)
  A worm (D:2)
  3 dart slugs
  4 leopard geckos
  3 orcs (D:3)
  3 giant cockroaches
  5 goblins
  4 hobgoblins
  7 jackals (D:2)
  A quokka (D:2)
  6 bats
  4 frilled lizards
  6 kobolds (D:1)
  2 rats
52 creatures vanquished.

Notes
Turn   | Place    | Note
-------+----------+-------------------------------------------
     0 | D:1      | MisterFreud the Octopode Wanderer began the quest for the
                  | Orb.
     0 | D:1      | MisterFreud set off with the following items: a +2 hand
                  | crossbow, 27 bolts, a ration; and the following spells
                  | available to memorise: Foxfire, Sandblast, Inner Flame,
                  | Stone Arrow
     0 | D:1      | Reached XP level 1. HP: 13/13 MP: 4/4
   297 | D:1      | Reached XP level 2. HP: 16/19 MP: 6/6
   314 | D:1      | Found a shimmering altar of Xom.
   751 | D:1      | Reached XP level 3. HP: 25/25 MP: 7/7
  1124 | D:2      | Reached skill level 1 in Unarmed Combat
  2010 | D:2      | Found a hide-covered altar of Uskayaw.
  2013 | D:2      | Noticed a +0 hand axe
  2013 | D:2      | Noticed a +0 dagger
  2029 | D:2      | Found a sacrificial altar of Ru.
  2156 | D:2      | Reached XP level 4. HP: 31/31 MP: 8/8
  2373 | D:2      | Found a hazy altar of Hepliaklqana.
  2929 | D:3      | Killed from afar by an orc wizard

Levels and vault maps discovered:
D:1:      dpeg_arrival_lava_temple_mockup, layout_basic, minmay_misc_feat_roman,
          xom_teletrap_fun
D:2:      layout_basic, marbit_many_paths, dancing_weapons_uskayaw,
          nicolae_ru_awakened_eye
D:3:      layout_basic, first_ration, hangedman_decor_push, kennysheep_potato,
          uniq_grinder

Skill      XL: |  1  2  3  4 |
---------------+-------------+-----
Fighting       | 2 3 |  3.0
Unarmed Combat | 1 2 |  2.8
Crossbows      | |  2.0
Stealth        | |  1.3
Shields        | |  1.0
Spellcasting   | |  3.0
Summonings     | |  1.0
Fire Magic     | |  1.0

Action                   |  1- 3 |  4- 6 || total
-------------------------+-------+-------++-------
Melee: Unarmed           |    99 |    60 ||   159
       Constrict         |    24 |    14 ||    38
       Tentacles         |    14 |     6 ||    20
  Use: Scroll            |     2 |     1 ||     3
       Potion            |     1 |       ||     1
 Stab: Sleeping          |     8 |     5 ||    13
  Eat: Chunk             |     3 |     3 ||     6
Armor: Skin              |    10 |     2 ||    12
Dodge: Dodged            |    36 |    20 ||    56
Block: Kite shield       |    17 |    23 ||    40

Table legend:
 A = Non-vault XP
 B = Vault XP
 C = Vault XP percentage of total XP
 D = Non-vault monster count
 E = Vault monster count
 F = Vault count percentage of total count
                 A         B        C        D         E       F
            +---------+---------+-------+---------+---------+-------
      Total |     131 |       3 |   2.2 |      51 |       1 |   1.9
            +---------+---------+-------+---------+---------+-------
        D:1 |      39 |       0 |   0.0 |      19 |       0 |   0.0
        D:2 |      60 |       3 |   4.8 |      22 |       1 |   4.3
        D:3 |      32 |       0 |   0.0 |      10 |       0 |   0.0
            +---------+---------+-------+---------+---------+-------
